 Dungeon Crawl Stone Soup version 0.29.1-4-g47bece8355 (webtiles) character file.

Game seed: 3041582091873722444

6 ChadusMaximus the Caller (level 1, -1/10 HPs)
             Began as a Deep Elf Summoner on Dec 5, 2022.
             Slain by a jackal (3 damage)
             ... on level 1 of the Dungeon.
             The game lasted 00:00:28 (515 turns).

ChadusMaximus the Caller (Deep Elf Summoner)         Turns: 515, Time: 00:00:28

Health: -1/10      AC:  2    Str:  5    XL:     1   Next: 75%
Magic:  3/6        EV: 12    Int: 19    God:
Gold:   0          SH:  0    Dex: 15    Spells: 5/6 levels left

rFire   . . .      SeeInvis .   (no weapon)
rCold   . . .      Faith    .   (no shield)
rNeg    . . .      Spirit   .   a - +0 robe
rPois   .          Reflect  .   (no helmet)
rElec   .          Harm     .   (no cloak)
rCorr   .          Rampage  .   (no gloves)
Will    .....                   (no boots)
Stlth   ++........              (no amulet)
HPRegen 0.03/turn               (no ring)
MPRegen 0.10/turn               (no ring)

@: no status effects
A: no striking features
a: no special abilities


You were on level 1 of the Dungeon.
You visited 1 branch of the dungeon, and saw 1 of its levels.

Inventory:

Armour
 a - a +0 robe (worn)
Potions
 b - a potion of magic
 c - a potion of curing {unknown}
 d - a potion of invisibility {unknown}
 e - 2 potions of flight {unknown}


   Skills:
 + Level 2.6 Dodging
 + Level 2.6 Stealth
 + Level 3.1 Spellcasting
 + Level 4.5 Summonings


You had 5 spell levels left.
You knew the following spells:

 Your Spells              Type           Power      Damage    Failure   Level
a - Summon Small Mammal   Summ           80%        N/A       2%          1

Your spell library contained the following spells:

 Spells                   Type           Power      Damage    Failure   Level
 Call Imp                 Summ           20%        N/A       3%          2
 Call Canine Familiar     Summ           20%        N/A       7%          3
 Summon Guardian Golem    Hex/Summ       11%        N/A       19%         3
 Summon Lightning Spire   Summ/Air       11%        N/A       52%         4


Dungeon Overview and Level Annotations

Branches:
Dungeon (1/15)

Altars:


Message History

The jackal barely misses your bat.
Your bat barely misses the jackal.
The jackal bites you.
Your bat closely misses the jackal.
Your quokka closely misses the jackal.
The jackal closely misses you. The jackal closely misses your bat.
Your bat closely misses the jackal.
Your quokka bites the jackal.
The jackal dies!
Your quokka barely misses the jackal.
Your bat hits the jackal. The jackal barely misses you.
Your quokka bites the jackal.
You swap places.
Your bat hits the jackal but does no damage.
There are monsters nearby!
Unknown command.
Your bat hits the jackal but does no damage.
Your quokka closely misses the jackal.
The jackal bites you but does no damage.
Your quokka bites the jackal but does no damage.
Your bat barely misses the jackal.
Your bat barely misses the jackal.
Your quokka bites the hobgoblin.
The jackal bites you.
Your quokka bites the jackal.
Your bat hits the jackal but does no damage.
The jackal bites your quokka.
Your quokka bites the jackal but does no damage.
Your bat barely misses the jackal.
The jackal misses your quokka. The jackal bites you.
Your bat barely misses the hobgoblin.
You completely miss the hobgoblin.
The hobgoblin is lightly wounded.
Your bat hits the jackal but does no damage.
The jackal misses you.
Your bat barely misses the hobgoblin.
The jackal barely misses your bat. The hobgoblin hits you.
* * * LOW HITPOINT WARNING * * *
Your bat hits the jackal but does no damage.
The hobgoblin hits you.
* * * LOW HITPOINT WARNING * * *
You hit the jackal but do no damage.
The jackal is moderately wounded.
Your bat hits the jackal.
Your bat barely misses the jackal.
The jackal barely misses you. The jackal bites you.
You die...

.......#.##.......
#......#.#######.#
#......#.(....... #
#.......#########
#.#......÷.......##~
#.#..............##.
#......#.#.......#♣.
#.b....#.......#♣.
#####@h....#.......##.
#....hg............##.
#.#....r...#.......##.
+................#
##................#
#..........######.#
#.###†##...# .. #.
#†##...# # .. #...#


You could see 2 jackals, a hobgoblin, a friendly quokka (summoned) and a
friendly bat (summoned).

Vanquished Creatures (collateral kills)
  2 jackals (D:1)
  A quokka (D:1)
  2 bats (D:1)
5 creatures vanquished.

Notes
Turn   | Place    | Note
-------+----------+-------------------------------------------
     0 | D:1      | ChadusMaximus the Deep Elf Summoner began the quest for the
                  | Orb.
     0 | D:1      | Reached XP level 1. HP: 10/10 MP: 6/6
   515 | D:1      | Slain by a jackal

Illustrated notes

Levels and vault maps discovered:
D:1:      nzn_arrival_settlement, layout_basic,
          dreamdust_ecumenical_altar_hidden_monk_grotto, minmay_heptomino_h4

Action                   || total
-------------------------++-------
Melee: Unarmed           ||     4
 Cast: Summon Small Mamm ||    12
Armor: Robe              ||     8
Dodge: Dodged            ||    14
